Cogmind - Beta 16.1 @@@ ROGUE MODE // 2026.04.18 @ 21:32:19 Player: Parkagirl Result: Destroyed by as-12647 with Assembled F-torch Performance ------------- Evolutions (0) 0 Regions Visited (2) 400 Robots Destroyed (9) 45 Value Destroyed (202) 202 Prototype IDs (0) 0 Alien Tech Used (0) 0 Bonus (0) 0 TOTAL SCORE: 647 Bonus ------- None Cogmind --------- Core Integrity 0/250 Matter 229/300 Energy 135/160 System Corruption 2% Temperature Warm (123) Movement Flying (117) Ox1 Location -10/Mines Parts ------- > --- POWER (1) -------- Light Nuclear Core > --- PROPULSION (2) --- Flight Unit Flight Unit > --- UTILITY (2) ------ Small Storage Unit Visual Processing Unit > --- WEAPON (2) ------- (None) > --- INVENTORY (8) ---- Light Ion Engine Light Ion Engine Aluminum Leg Flight Unit Flight Unit Grenade Launcher Peak State ------------ > --- POWER ------------ Light Nuclear Core > --- PROPULSION ------- Aluminum Leg Aluminum Leg > --- UTILITY ---------- Small Storage Unit Visual Processing Unit > --- WEAPON ----------- Light Assault Rifle Grenade Launcher > --- INVENTORY -------- Light Ion Engine Light Ion Engine Flight Unit Flight Unit Flight Unit Flight Unit Grenade Launcher [Rating: 10] Favorites ----------- Power Light Ion Engine Engine Light Ion Engine Power Core Light Nuclear Core Propulsion Aluminum Leg Leg Aluminum Leg Wheel Compact Wheel Flight Unit Flight Unit Utility Small Storage Unit Device Seismic Detector Storage Small Storage Unit Processor Visual Processing Unit Weapon Light Assault Rifle Energy Gun Medium Laser Ballistic Gun Light Assault Rifle Launcher Grenade Launcher Build | -11 -10 -10 ------- Run | Yrd Mat Min Slots Evolved . | . . . Power . | . . . Propulsion . | . . . Utility . | . . . Weapon . | . . . Parts Attached 21 | 10 4 7 Power 3 | 1 1 1 Engine 2 | 1 1 . Core 1 | . . 1 Reactor . | . . . Propulsion 11 | 4 2 5 Treads . | . . . Leg 4 | 2 . 2 Wheel 2 | 2 . . Hover . | . . . Flight 5 | . 2 3 Utility 3 | 2 1 . Device 1 | 1 . . Storage 1 | 1 . . Processor 1 | . 1 . Hackware . | . . . Protection . | . . . Artifact . | . . . Weapon 4 | 3 . 1 Energy Gun 2 | 2 . . Energy Cannon . | . . . Ballistic Gun 1 | 1 . . Ballistic Cannon . | . . . Launcher 1 | . . 1 Special Weapon . | . . . Impact Weapon . | . . . Slashing Weapon . | . . . Piercing Weapon . | . . . Special Melee Weapon . | . . . Unidentified Prototypes . | . . . Parts Lost 7 | . 4 3 Power 1 | . 1 . Propulsion 2 | . 1 1 Utility 1 | . 1 . Weapon 3 | . 1 2 Highest Loss Streak 3 | . 3 3 To Critical Strikes . | . . . Average Backups 6 | 4 7 7 Power 1 | . 2 2 Propulsion 3 | 2 2 4 Utility . | . . . Weapon 1 | . 2 1 Tool/Special . | . . . Unused Backups 8 | . 5 3 Power 1 | . . 1 Propulsion 3 | . 2 1 Utility 1 | . 1 . Weapon 3 | . 2 1 Tool/Special . | . . . Average Slot Usage (%) 91 | . 91 89 Engine 9 | . 12 . Core 2 | . . 8 Leg 14 | . 12 17 Flight 10 | . 12 5 Device 4 | . 6 . Storage 14 | . 14 14 Processor 7 | . 4 14 Energy Gun 9 | . 12 . Ballistic Gun 14 | . 14 14 Launcher 3 | . . 14 Peak Build Rating 10 | 7 8 10 Average Rating 6 | 4 6 8 On Entrance 4 | . 7 5 Avg Prop Armor Cover (%) . | . . . Naked Turns . | . . . Heaviest Build 14 | 12 12 14 Greatest Support 26 | 26 20 20 Greatest Overweight (x) 3 | . 3 2 Average Overweight (x) . | . . . Largest Inventory Capacity 8 | 8 8 8 Average Capacity 7 | 7 8 8 Most Carried 8 | 8 8 7 Average Carried 6 | 4 7 6 Final Capacity 8 | 8 8 8 Final Carried 8 | 7 8 6 Class Distribution -------------------- 83% | Mutant 16% | Scavenger-Mutant Dominant Class ---------------- Mutant | -10/Materials Scavenger-Mutant | -10/Mines Resources | -11 -10 -10 ----------- Run | Yrd Mat Min Matter Collected 367 | 213 111 43 Remotely . | . . . Salvage Created 201 | 13 140 48 Parts 24 | 4 14 6 Haulers Intercepted . | . . . Recyclers Shooed . | . . . Parts Field Recycled . | . . . Retrieved Matter . | . . . Parts Self-Destructed . | . . . Prevented . | . . . Parts Restored . | . . . Kills | -11 -10 -10 ------- Run | Yrd Mat Min Combat Hostiles Destroyed 7 | . 5 2 Guns 6 | . 5 1 AOE 1 | . . 1 Classes Destroyed 4 | 1 3 . Tunneler 1 | 1 . . Watcher 1 | . 1 . Swarmer 3 | . 3 . Grunt 4 | . 2 2 Best Kill Streak 5 | 1 5 2 Combat Bots Only 5 | . 5 2 Max Kills in Single Turn 1 | 1 1 1 Gunslinging . | . . . Exploded 1 | . . 1 Melee . | . . . Uniques/NPCs Destroyed . | . . . Combat | -11 -10 -10 -------- Run | Yrd Mat Min Hostile Shots Fired 99 | . 65 34 Missed 28 | . 18 10 Hits 71 | . 47 24 Melee 3 | . . 3 Projectile 68 | . 47 21 Critical Strikes 2 | . 1 1 Part Disruptions 2 | . . 2 Damage Taken 879 | 1 540 338 Core 250 | 1 161 88 Absorbed by Shields . | . . . Core Remaining (%) 99 | 99 . . Volleys Fired 22 | 1 17 4 Largest 2 | 2 2 2 Hottest 70 | 70 70 50 Shots Fired 44 | 2 34 8 Gun 40 | 2 34 4 Cannon . | . . . Launcher 4 | . . 4 Special . | . . . Kinetic 22 | 1 17 4 Thermal 18 | 1 17 . Explosive 4 | . . 4 Electromagnetic . | . . . Robot Hit Streak 6 | 1 6 6 Robot Miss Streak 2 | . 2 . Penetration Max . | . . . Secondary Targets 3 | . 3 . Max Gunslinging Chain 1 | . 1 . Shots Hit Robots 26 | 1 20 5 Core Hits 16 | 1 11 4 Critical Kills . | . . . Critical Parts Destroyed . | . . . Critical Strikes 1 | . 1 . Burn 1 | . 1 . Melee Attacks . | . . . Impact . | . . . Slashing . | . . . Piercing . | . . . Sneak Attacks . | . . . Combat Hostiles . | . . . Follow-up Attacks . | . . . Damage Inflicted 390 | 14 207 169 Guns 242 | 12 207 23 Cannons . | . . . Explosions 146 | . . 146 Melee . | . . . Ramming 2 | 2 . . Kinetic 81 | . 58 23 Thermal 161 | 12 149 . Explosive 146 | . . 146 Electromagnetic . | . . . Impact . | . . . Slashing . | . . . Piercing . | . . . Highest Corruption 2 | . 2 2 Average Corruption 2 | . 2 2 Corruption Purged . | . . . Corruption Blocked . | . . . Effects 1 | . 1 . Matter Fused 1 | . 1 . Overload Shots . | . . . Overflow Damage . | . . . Projectiles . | . . . Explosions . | . . . Melee . | . . . Knockbacks . | . . . Impact . | . . . Kinetic . | . . . Secondary . | . . . Self-Inflicted Damage 1 | 1 . . Shots . | . . . Rammed 2 | 1 1 . Targets Rammed 2 | 1 1 . Kicked . | . . . Crushed . | . . . Highest Temperature 268 | 30 268 103 Average Temperature 90 | 19 110 18 Received Heat Transfer 578 | . 276 302 Effects 1 | . 1 . Energy Bleed 1 | . 1 . Siege Activations . | . . . Martial Activations . | . . . Shielding Activations . | . . . Robots Disrupted . | . . . Combat Hostiles . | . . . Robots Corrupted . | . . . Combat Hostiles . | . . . Parts Fried . | . . . Impact Corruptions . | . . . Robots Melted . | . . . Combat Hostiles . | . . . Parts Melted . | . . . Heat Transferred 555 | 37 518 . Parts Sabotaged . | . . . Parts Stolen . | . . . Parts Stripped . | . . . Power Chain Reactions . | . . . Alert | -11 -10 -10 ------- Run | Yrd Mat Min Maximum Alert Level . | . . . Low Security (%) 100 | 100 100 100 Level 1 . | . . . Level 2 . | . . . Level 3 . | . . . Level 4 . | . . . Level 5 . | . . . High Security . | . . . Max Security . | . . . Peak Influence 100 | 5 100 71 Initial 2 | . . 2 Average 35 | . 45 49 Influence Increases 221 | 5 147 69 Destroy 0b10 Robot/C 140 | . 100 40 Destroy 0b10 Robot/NC 10 | 5 5 . Destroy Leader 22 | . 12 10 Destroy Structure 19 | . . 19 Lose Combat Pursuer 30 | . 30 . Influence Decreases 210 | 5 140 65 Entered New Map 5 | . . 5 Time Decay 135 | 5 100 30 Lost Part 70 | . 40 30 Squads Dispatched . | . . . Investigation . | . . . Extermination . | . . . Reinforcement . | . . . Assault . | . . . Garrison . | . . . Intercept . | . . . Searches Triggered . | . . . Construction Impeded . | . . . Haulers Reinforced . | . . . Active Scanning Responses . | . . . Cargo Convoy Interrupts . | . . . Stealth | -11 -10 -10 --------- Run | Yrd Mat Min Distress Signals . | . . . Communications Jammed . | . . . Distress Signals . | . . . Times Spotted 32 | . 11 21 Peak Tracking Total 20 | . 4 20 Tactical Retreats 1 | . 1 . Traps | -11 -10 -10 ------- Run | Yrd Mat Min Traps Triggered 1 | . 1 . Indirectly . | . . . Trap Hack Attempts . | . . . Triggered . | . . . Disarmed . | . . . Reprogrammed . | . . . Reused . | . . . Traps Extracted . | . . . Installed . | . . . Triggered . | . . . Machines | -11 -10 -10 ---------- Run | Yrd Mat Min Machines Disabled . | . . . Max in Single Turn . | . . . Machines Repaired . | . . . Machines Dismantled . | . . . Machines Sabotaged . | . . . Overloaded Fab Kills . | . . . Hacking | -11 -10 -10 --------- Run | Yrd Mat Min Machines Accessed 1 | . 1 . Terminals 1 | . 1 . Fabricators . | . . . Repair Stations . | . . . Recycling Units . | . . . Scanalyzers . | . . . Garrison Access . | . . . Total Hacks 3 | . 3 . Successful . | . . . Failed 3 | . 3 . Catastrophic 1 | . 1 . Database Lockouts . | . . . Manual . | . . . Terminals 3 | . 3 . Fabricators . | . . . Repair Stations . | . . . Recycling Units . | . . . Scanalyzers . | . . . Garrison Access . | . . . Terminal Hacks . | . . . Fabricator Hacks . | . . . Repair Station Hacks . | . . . Recycling Unit Hacks . | . . . Scanalyzer . | . . . Garrison Access Hacks . | . . . Unauthorized Hacks . | . . . Terminals . | . . . Fabricators . | . . . Repair Stations . | . . . Recycling Units . | . . . Scanalyzers . | . . . Garrison Access . | . . . Data Cores Recovered . | . . . Used . | . . . Hacking Detections 1 | . 1 . Full Trace Events 1 | . 1 . Feedback Events . | . . . Feedback Blocked . | . . . Robot Schematics Acquired . | . . . Robots Built . | . . . Authchips . | . . . Time . | . . . Total Robot Build Rating . | . . . Part Schematics Acquired . | . . . Parts Built . | . . . Authchips . | . . . Time . | . . . Total Part Build Rating . | . . . Part Studies Acquired . | . . . Parts Repaired . | . . . Time . | . . . Parts Recycled . | . . . Recycled Matter . | . . . Retrieved Matter . | . . . Retrieved Components . | . . . Parts Scanalyzed . | . . . Part Schematics Acquired . | . . . Parts Damaged . | . . . Bothacking | -11 -10 -10 ------------ Run | Yrd Mat Min Used RIF Installer . | . . . Robots Hacked . | . . . Non-combat . | . . . Combat . | . . . Robot Hacks Applied . | . . . Relay Couplers Released . | . . . Fabnet Peak Effective % . | . . . Robots Rewired . | . . . Allies Hacked . | . . . Hacks Repelled . | . . . Allies | -11 -10 -10 -------- Run | Yrd Mat Min Total Allies . | . . . Largest Group . | . . . Highest-Rated Group . | . . . Highest-Rated Ally . | . . . Total Orders . | . . . Ally Attacks . | . . . Total Damage . | . . . Kills . | . . . Allies Corrupted . | . . . Allies Melted . | . . . Intel | -11 -10 -10 ------- Run | Yrd Mat Min Active Infowar (turns) 300 | 25 203 72 Optics 163 | . 91 72 Seismic 137 | 25 112 . Robot Analysis Total . | . . . Derelict Logs Recovered . | . . . Drone Launches . | . . . Drone Recoveries . | . . . Exploration | -11 -10 -10 ------------- Run | Yrd Mat Min Turns Passed 424 | 98 254 72 Spaces Moved 264 | 71 153 40 Core 2 | 1 1 . Treads . | . . . Legs 133 | 31 65 37 Wheels 39 | 39 . . Hover . | . . . Flight 90 | . 87 3 Fastest Speed 50 | 50 117 120 Average Speed 116 | 102 121 126 Slowest Speed 200 | 120 200 200 Overloaded Moves . | . . . Propulsion Burnouts . | . . . Robots Hopped . | . . . Potential Cave-ins . | . . . Cave-ins Triggered . | . . . Exploration Rate (%) 14 | 3 27 12 Regions Visited 2 Branch Regions 1 Pre-discovered Areas . | . . . Known Exits Taken . | . . . Unknown Exits Taken 2 | 1 1 . Scrap Searched . | . . . Spaces Dug . | . . . Terrain Destroyed 23 | . . 23 Melee . | . . . Projectile . | . . . AOE 23 | . . 23 Terrain Rammed . | . . . Walls Destroyed . | . . . Machines Disabled . | . . . Actions | -11 -10 -10 --------- Run | Yrd Mat Min Total 338 | 93 193 52 Wait . | . . . Move 262 | 70 152 40 Hop . | . . . Pick Up 17 | 8 9 . Fast Attach 12 | 6 3 3 Attach 6 | 4 . 2 Detach 3 | 3 . . Swap 3 | . 1 2 Drop 11 | . 10 1 Fire 22 | 1 17 4 Melee . | . . . Ram 2 | 1 1 . Kick . | . . . Crush . | . . . Escape Stasis . | . . . Rewire . | . . . Trap . | . . . Miscellaneous . | . . . Route ------- -11/Scrapyard -10/Materials -10/Mines History --------- Turn | Location | Event 10 | -11/Scrapyard | Discovered new exit (range 16) 99 | -11/Scrapyard | Entered Materials 267 | -10/Materials | Discovered new exit (range 13) 311 | -10/Materials | Build established: Mutant 344 | -10/Materials | Core integrity fell below 50% 353 | -10/Materials | Entered Mines 367 | -10/Mines | Lost 3 parts (1p1n1w) 409 | -10/Mines | Assembled infested the area 420 | -10/Mines | Core integrity fell below 20% 425 | -10/Mines | Destroyed by as-12647 with Assembled F-torch Last Messages --------------- 00344_ R-06 Scavenger collects Lrg. Matter Pod. 00349_ K-01 Serf collects debris. 00350_ System corrupted: Matter fused (-9). LOCATION=UNKNOWN GOAL=ESCAPE 00357_ G-47 Trooper destroyed. 00363_ G-34 Mercenary destroyed. 00369_ The unstable cave ceiling collapses. 00372_ Acquired Aluminum Leg. 00373_ Dropped Flight Unit. 00375_ Acquired Aluminum Leg. 00376_ Acquired 32 matter. 00379_ Acquired Lgt. Nuclear Core. 00385_ Acquired 11 matter. 00394_ The unstable cave ceiling collapses. 00409_ ALERT: Infestation in the mines, dispatching Demolisher response squad. 00422_ Grenade Launcher destroyed. 00422_ Aluminum Leg destroyed. 00422_ Lgt. Assault Rifle destroyed. 00423_ Critical hit (Burn: +80). Map ----- +----------------------------------------------------+ | | | | | | | | | | | | | | | ?????????????????????????????????????????????????? | | ?????????????????????????????????????????????????? | | ?????????????????????????????????????????????????? | | ?????????????????????????????????????????????????? | | ?????????????????????????????????????????????????# | | ???????????????????????????????????????????????## | | ??????????????????????????????????????????????? | | ??????????????????????????????????????????????## | | ??????????????????????????????????????????????# | | ??????????????????????????????????????????????# | | ??????????????????????????????????????????????# | | ?????????????????????????????????????????????## | | ?????????????????????????????????????????????# # | | ?????????????????????????????????????????????# # | | ?????????????????????????????????????????????# = | | ???????????????????????####????????????########[ | | ??????????????????????## ##??????????## # | | ?????????????????????## #??????????# ! = | | ?????????????????# ### @ ############ | | ?????????????????# a aa ##### | | ?????????????????#### a a ##???## | | ????????????????????#aaaa##################?????## | | ???????????????????# a#????????????????????????? | | ????????????????? aa #?????????????????????????? | | ??????????????# a ##??????????????????????????? | | ?????????????# aa ##????????????????????????????? | | ????????????? < #??????????????????????????????? | | ???????????? a#???????????????????????????????? | | ???????????? #????????????????????????????????? | | ???????????? ??????????????????????????????????? | | ???????????? a???????????????????????????????????? | | ?????????????????????????????????????????????????? | | ?????????????????????????????????????????????????? | | ?????????????????????????????????????????????????? | | ?????????????????????????????????????????????????? | | ?????????????????????????????????????????????????? | | ?????????????????????????????????????????????????? | | ?????????????????????????????????????????????????? | | ?????????????????????????????????????????????????? | | ?????????????????????????????????????????????????? | | ?????????????????????????????????????????????????? | | ?????????????????????????????????????????????????? | | ?????????????????????????????????????????????????? | +----------------------------------------------------+ Best States ------------- Heat Dissipation 25 Energy Generation 14 Energy Capacity 160 Matter Stores 299 Matter Capacity 300 Sight Range 18 Terrain Scan Density 10 Evasion (%) 55 Item Schematics ----------------- None Robot Schematics ------------------ None Fabricated ------------ Nothing Repaired ---------- Nothing Studied --------- None Alien Tech Used ----------------- None Achievements -------------- None Challenges ------------ None Game ------ Seed NetworkedMultinovaPit Manual? 0 Play Time 00:07:35 Cumulative 24.5 hours Start 2026.04.18 @ 21:24:26 End 2026.04.18 @ 21:32:19 Sessions 1 Manual Loads 0 Difficulty Rogue Special Mode None Game No. 46 Rogue 46 Adventurer 0 Explorer 0 Win Type - Total 0 Types 0/0/0/0/0/0/0/0/0/0 Lore% 22 Gallery% 24 Achievement% 21 Wizard Run 0 Options --------- Layout 0 ASCII 0 Keyboard 0 Movement Vi Keybinds 0 Fullscreen 2 Font 18/Terminus Map View 112x50 Zoom Use 0% Tactical HUD 1 Map Filters NONE Filters NONE Steam 1 RUN: a7e78051-212c-4d6a-9e5b-c961635a1fdb